 Dungeon Crawl Stone Soup version 0.20-a0-945-g3bf614a (webtiles) character file.

10 lauthentik the Vexing (level 2, 0/19 HPs)
             Began as a Vampire Enchanter on Apr 1, 2017.
             Slain by a hobgoblin
             ... wielding a +0 club
              (2 damage)
             ... on level 1 of the Dungeon.
             The game lasted 00:02:02 (162 turns).

lauthentik the Vexing (Vampire Enchanter)            Turns: 162, Time: 00:02:03

Health: 0/19       AC:  2    Str:  7    XL:     2   Next: 10%
Magic:  4/14       EV: 12    Int: 17    God:
Gold:   5          SH:  0    Dex: 14    Spells: 2/5 levels left

rFire    . . .     SeeInvis +   a - +1 dagger
rCold    . . .     Gourm    .   (no shield)
rNeg     + . .     Faith    .   b - +0 robe
rPois    .         Spirit   .   (no helmet)
rElec    .         Reflect  .   (no cloak)
rCorr    .         Harm     .   (no gloves)
MR       .....     Rnd*Tele +   (no boots)
Stlth    +++.......             (no amulet)
Regen    0.1/turn               f - ring of magical power
MPRegen  0.2/turn               h - ring of teleportation (curse)

@: no status effects
A: fangs 3, see invisible, unbreathing
a: no special abilities


You were on level 1 of the Dungeon.
You were not thirsty.

You visited 1 branch of the dungeon, and saw 1 of its levels.

You collected 5 gold pieces.

Inventory:

Hand Weapons
 a - a +1 dagger (weapon)
Armour
 b - a +0 robe (worn)
Jewellery
 f - a ring of magical power (left hand)
 h - a cursed ring of teleportation (right hand)
Potions
 d - 2 potions of blood
 e - a potion of mutation
Books
 c - a book of Maledictions

   Spells                             Type                      Level
   a - Corona                         Hexes                        1
   b - Ensorcelled Hibernation        Hexes/Ice                    2
   c - Confuse                        Hexes                        3
   d - Tukima's Dance                 Hexes                        3
   e - Dazzling Spray                 Conjuration/Hexes            3


   Skills:
 + Level 1.1 Short Blades
 + Level 2.1 Dodging
 + Level 4.7 Stealth
 + Level 2.1 Spellcasting
 + Level 4.9 Hexes


You had 2 spell levels left.
You knew the following spells:

 Your Spells              Type           Power        Failure   Level  Hunger
a - Ensorcelled Hibernat  Hex/Ice        ##....       12%         2    ###....
b - Corona                Hex            ###....      2%          1    #......


Dungeon Overview and Level Annotations

Branches:
Dungeon (1/15)

Altars:


Innate Abilities, Weirdness & Mutations

You have razor-sharp teeth.
You have supernaturally acute eyesight. (SInv)
You can survive without breathing.


Message History

The leopard gecko is heavily wounded.
The leopard gecko bites you.
* * * LOW HITPOINT WARNING * * *
The leopard gecko closely misses you. The leopard gecko barely misses you.
The leopard gecko barely misses you.
You see here a rat corpse.
Casting: Ensorcelled Hibernation
Confirm with . or Enter, or press ? or * to list all spells.
Aiming: Ensorcelled Hibernation
Press: ? - help, Shift-Dir - straight line, f/p - hobgoblin
Aim: a hobgoblin, wielding a club (heavily wounded, chance to defeat MR: 59%)
The hobgoblin resists with significant effort.
The hobgoblin completely misses you.
You hit the hobgoblin.
The hobgoblin is almost dead.
The hobgoblin misses you.
You barely miss the hobgoblin.
The hobgoblin is almost dead.
The hobgoblin hits you with a club.
You die...

...#.#...# #.########
.##.#....#######.........
#.##............†........
.#.#.....................
#.#......................
##......#.....[........#+
.#......#........#####.# #
.#...............# .#.#
##..............@#####.#.#
#.#.....#.....###gl......#
.#.#....#..... #gl......#
#.##....#..... #........###
.##.#...#.... #...........
...#.#..##### #.......####
....##....>................>
......#.................##.#
........................# #


You could see a leopard gecko, 2 hobgoblins and a frilled lizard.

Vanquished Creatures
  2 bats (D:1)
  A giant cockroach (D:1)
  A goblin (D:1)
  A hobgoblin (D:1)
  A kobold (D:1)
  3 rats (D:1)
9 creatures vanquished.

Notes
Turn   | Place    | Note
-------+----------+-------------------------------------------
     0 | D:1      | lauthentik the Vampire Enchanter began the quest for the Orb.
     0 | D:1      | Reached XP level 1. HP: 13/13 MP: 3/3
   126 | D:1      | Reached XP level 2. HP: 13/19 MP: 4/5
   130 | D:1      | Learned a level 2 spell: Ensorcelled Hibernation
   162 | D:1      | Slain by a hobgoblin

Vault maps used:
D:1:      dpeg_arrival_round_c, minmay_misc_feat_secret_circle

Action                   || total
-------------------------++-------
Melee: Dagger            ||    30
       Bite              ||     2
 Cast: Corona            ||     3
       Ensorcelled Hiber ||     2
  Use: Scroll            ||     1
 Stab: Sleeping          ||     2
Armor: Robe              ||    14
Dodge: Dodged            ||    33
